 Dungeon Crawl Stone Soup version 0.23.1 (webtiles) character file.

Game seed: 16703191809013525129

40 Forgol the Ruffian (level 3, 0/29 HPs)
             Began as a Draconian Transmuter on Mar 18, 2019.
             Slain by an orc
             ... wielding a +0 flail
              (2 damage)
             ... on level 3 of the Dungeon.
             The game lasted 00:03:46 (2665 turns).

Forgol the Ruffian (Draconian Transmuter)           Turns: 2665, Time: 00:03:47

Health: 0/29       AC:  5    Str: 12    XL:     3   Next: 30%
Magic:  6/6        EV:  7    Int: 14    God:
Gold:   148        SH: 10    Dex: 11    Spells: 2/6 levels left

rFire    . . .     SeeInvis .   n - -2 spear (curse)
rCold    . . .     Gourm    .   f - +0 large shield
rNeg     . . .     Faith    .   (armour unavailable)
rPois    .         Spirit   .   (helmet restricted)
rElec    .         Reflect  .   (no cloak)
rCorr    .         Harm     .   (no gloves)
MR       .....                  (no boots)
Stlth    +.........             (no amulet)
HPRegen  0.09/turn              (no ring)
MPRegen  0.10/turn              (no ring)

@: no status effects
A: unfitting armour, cold-blooded, AC +5
a: no special abilities


You were on level 3 of the Dungeon.
You were hungry.

You visited 1 branch of the dungeon, and saw 3 of its levels.

You collected 148 gold pieces.

Inventory:

Hand Weapons
 n - a cursed -2 spear (weapon)
Missiles
 a - 24 arrows
Armour
 f - a +0 large shield (worn)
Jewellery
 k - an uncursed ring of ice
Potions
 b - a potion of cancellation {unknown}
 e - a potion of curing {unknown}
 i - a potion of magic {unknown}
 l - a potion of experience {unknown}
 m - a potion of resistance {unknown}
Comestibles
 c - 4 rations
 d - 3 chunks of flesh


   Skills:
 + Level 1.8 Fighting
 - Level 2.2 Dodging
 * Level 3.5 Unarmed Combat
 + Level 2.0 Spellcasting
 * Level 2.5 Transmutations


You had 2 spell levels left.
You knew the following spells:

 Your Spells              Type           Power        Failure   Level  Hunger
a - Beastly Appendage     Tmut           #.....       91%         1    ##.....
b - Spider Form           Tmut/Pois      #.........   100%        3    ####...

Your spell library contained the following spells:

 Spells                   Type           Power        Failure   Level  Hunger
 Sticks to Snakes         Tmut           #.......     97%         2    ###....
 Ice Form                 Ice/Tmut       #.......     100%        4    #####..
 Blade Hands              Tmut           #.........   100%        5    ######.


Dungeon Overview and Level Annotations

Branches:
Dungeon (3/15)

Altars:


Innate Abilities, Weirdness & Mutations

Your plain brown scales are hard. (AC +5)
You cannot fit into any form of body armour.
You are cold-blooded and may be slowed by cold attacks.


Message History

You are feeling hungry.
You hit the orc but do no damage.
The orc is moderately wounded.
You block the bat's attack. The orc hits you but does no damage.
The orc hits you with a +0 flail.
* * * LOW HITPOINT WARNING * * *
You closely miss the orc.
The orc is moderately wounded.
You block the bat's attack. The orc hits you but does no damage.
You barely miss the orc.
The orc is moderately wounded.
The bat barely misses you. You block the orc's attack.
You closely miss the orc.
The orc is moderately wounded.
The bat hits you but does no damage. The orc barely misses you.
You barely miss the orc.
You tail-slap the orc, but do no damage.
The orc is moderately wounded.
The bat barely misses you. The orc hits you with a +0 flail.
You die...

.. ... ..## ...
####.## #.....#
#..o(.# #..@.b#
#.....# #.....##
#......#.#.#
#............
######....#.....#.
.............>....
#########......#.#...
#......).............


You could see an orc and a bat.

Vanquished Creatures
  2 dart slugs
  A leopard gecko (D:1)
  A giant cockroach (D:2)
  3 goblins
  6 hobgoblins
  7 kobolds
  5 bats
  6 frilled lizards
  5 rats
36 creatures vanquished.

Notes
Turn   | Place    | Note
-------+----------+-------------------------------------------
     0 | D:1      | Forgol the Draconian Transmuter began the quest for the
                  | Orb.
     0 | D:1      | Reached XP level 1. HP: 16/16 MP: 3/3
   329 | D:1      | Reached XP level 2. HP: 19/23 MP: 1/5
  1975 | D:2      | Reached XP level 3. HP: 17/29 MP: 6/6
  2413 | D:2      | Learned a level 3 spell: Spider Form
  2661 | D:3      | HP: 1/29 [orc/+0 flail (5)]
  2665 | D:3      | Slain by an orc

Skill      XL: |  1 |
---------------+----+-----
Dodging        | 2 |  2.2
Fighting       | |  1.8
Unarmed Combat | |  3.5
Spellcasting   | |  2.0
Transmutations | |  2.5

Action                   || total
-------------------------++-------
Melee: Unarmed           ||   129
       Tailslap          ||    12
       Headbutt          ||     5
       Kick              ||     1
       Spear             ||    15
 Cast: Beastly Appendage ||    17
  Use: Scroll            ||     5
 Stab: Sleeping          ||     1
  Eat: Chunk             ||     2
       Ration            ||     1
Armor: Skin              ||    44
Dodge: Dodged            ||   108
Block: Large shield      ||    12
